AoeStats
← TalibAn Loco

Arena

507856671Analyzed
3v3 RM · 13d ago on Sep 20, 2026· 18m 47s· 6 players
Game mode
Random Map
Map size
Normal (6 player)
Population
200
Speed
Normal
Resources
Standard
Victory
Conquest
Starting age
Dark Age
Ending age
Imperial Age
RankedLock teamsTeams togetherTeam positionsShared explorationLock speedFull tech treeHidden civsTurbo modeCheats
Victory
Defeat
🇲🇽 Shu · Mexico
1150
+13
🇧🇷 Goths · Brazil
1140
+14
🇲🇽 Bohemians · Mexico
1090
+15
🇺🇾 Goths · Uruguay
1088
-14
🇺🇾 Cumans · Uruguay
1086
-14
🇺🇾 Mongols · Uruguay
1085
-14
jsmaradiaga
11:55 Feudal Age
12:50 Double-Bit Axe
17:01 Castle Age
15:46 Horse Collar
17:29 Fletching
18:13 Bodkin Arrow
dLevantine
0:44 Loom
9:16 Feudal Age
9:42 Double-Bit Axe
9:48 Gold Mining
jonaq
1:08 Loom
10:55 Feudal Age
12:50 Double-Bit Axe
15:25 Castle Age
15:52 Man-at-Arms
16:54 Bow Saw
18:03 Squires
18:15 Scale Mail Armor
TalibAn Loco
7:25 Loom
10:04 Feudal Age
10:40 Horse Collar
10:48 Double-Bit Axe
11:28 Man-at-Arms
18:13 Forging
Augustox
11:13 Feudal Age
9:29 Loom
14:46 Castle Age
13:07 Double-Bit Axe
13:05 Horse Collar
13:47 Fletching
PePaPi
11:42 Feudal Age
10:01 Loom
Connection lost

Rejoining the realm…

Still unreachable

The connection could not be restored.

Session expired

The server has moved on; the page needs a fresh start.